 Dungeon Crawl Stone Soup version 0.28.0-43-g3370ac3207 (webtiles) character file.

Game seed: 368423877561126661

53 pkoi the Conjurer (level 3, -2/26 HPs)
             Began as a Draconian Conjurer on Mar 3, 2022.
             Slain by an adder (3 damage)
             ... on level 2 of the Dungeon.
             The game lasted 00:02:57 (2061 turns).

pkoi the Conjurer (Draconian Conjurer)              Turns: 2061, Time: 00:02:57

Health: -2/26      AC:  5    Str:  9    XL:     3   Next: 64%
Magic:  0/6        EV: 12    Int: 20    God:
Gold:   74         SH:  0    Dex:  9    Spells: 3/6 levels left

rFire   + . .      SeeInvis +   c - +1 dagger (venom)
rCold   . . .      Faith    .   (no shield)
rNeg    . . .      Spirit   .   (armour unavailable)
rPois   .          Reflect  .   (helmet restricted)
rElec   .          Harm     .   (no cloak)
rCorr   .          Rampage  .   (no gloves)
Will    .....                   (no boots)
Stlth   ++........              (no amulet)
HPRegen 0.08/turn               f - ring of see invisible
MPRegen 0.10/turn               a - ring of protection from fire

@: lethally poisoned (-2 -> -7), flying
A: AC +5, unfitting armour, cold-blooded
a: no special abilities


You were on level 2 of the Dungeon.
You visited 1 branch of the dungeon, and saw 2 of its levels.

You collected 74 gold pieces.

Inventory:

Hand Weapons
 b - a +0 dagger
 c - a +1 dagger of venom (weapon)
 k - a +4 dagger
Jewellery
 a - a ring of protection from fire (right hand)
 f - a ring of see invisible (left hand)
 i - an amulet of guardian spirit
Scrolls
 g - a scroll of enchant armour {unknown}
 h - a scroll of holy word {unknown}
 j - a scroll of teleportation {unknown}
Potions
 d - a potion of haste {unknown}
 e - a potion of flight
 l - a potion of curing {unknown}
 m - a potion of might {unknown}


   Skills:
 - Level 1.7 Dodging
 - Level 1.7 Stealth
 - Level 2.0 Spellcasting
 + Level 5.4 Conjurations


You had 3 spell levels left.
You knew the following spells:

 Your Spells              Type           Power      Damage    Failure   Level
a - Magic Dart            Conj           92%        1d7       1%          1
b - Searing Ray           Conj           46%        2d6       2%          2

Your spell library contained the following spells:

 Spells                   Type           Power      Damage    Failure   Level
 Dazzling Flash           Conj/Hex       24%        N/A       16%         3
 Fulminant Prism          Conj/Hex       6%         3d7       45%         4
 Iskenderun's Mystic Bla  Conj/Tloc      12%        2d5       45%         4


Dungeon Overview and Level Annotations

Branches:
Dungeon (2/15)

Altars:


Innate Abilities, Weirdness & Mutations

Your plain brown scales are hard. (AC +5)
You cannot fit into any form of body armour.
You are cold-blooded and may be slowed by cold attacks.


Message History

You completely miss the adder.
The adder is heavily wounded.
The adder bites you but does no damage. The adder barely misses you.
You closely miss the adder. Your punch misses the adder.
The adder is heavily wounded.
The adder bites you.
* * * LOW HITPOINT WARNING * * *
You are poisoned.
The adder poisons you!
You hit the adder.
Your tail-slap misses the adder.
The adder is severely wounded.
You feel sick. The adder misses you.
Aiming: Magic Dart (safe; 1% risk of failure)
Press: ? - help, Q - select action, (/) - cycle Shift-Dir - straight line, f/p - adder
Aim: an adder (severely wounded, 100% to hit)
The magic dart hits the adder.
The adder is almost dead.
You feel sick. The adder closely misses you. The adder barely misses you.
Aiming: Magic Dart (safe; 1% risk of failure)
Press: ? - help, Q - select action, (/) - cycle Shift-Dir - straight line, f/p - adder
Aim: an adder (almost dead, 100% to hit)
The magic dart hits the adder.
The adder is almost dead.
You feel sick. The adder bites you but does no damage.
You completely miss the adder.
The adder is almost dead.
You feel sick. The adder bites you.
* * * LOW HITPOINT WARNING * * *
You are lethally poisoned!
The adder poisons you!
You completely miss the adder. You punch the adder, but do no damage.
The adder is almost dead.
* * * LOW HITPOINT WARNING * * *
You feel sick. The adder misses you. The adder bites you but does no damage.
It was a potion of flight.
You feel very buoyant.
You fly up into the air.
* * * LOW HITPOINT WARNING * * *
You feel sick. The adder bites you.
You die...

#.$....# #
#....... .#
#......# #. ##
#......##. ...
#........ ....
#....... ....
#......#..##..
#....†@.......
?.....S##.####.
....... #
....... ...
....... ...
....... ...
....... ..
....... # #.#


You could see an adder.

Vanquished Creatures
  A gnoll (D:1)
  An adder (D:2)
  A worm (D:2)
  A dart slug (D:1)
  An endoplasm (D:1)
  2 giant cockroaches (D:1)
  4 goblins
  2 hobgoblins
  3 quokkas
  A ball python (D:2)
  2 bats (D:2)
  2 frilled lizards (D:1)
  4 kobolds
  7 rats
32 creatures vanquished.

Notes
Turn   | Place    | Note
-------+----------+-------------------------------------------
     0 | D:1      | pkoi the Draconian Conjurer began the quest for the Orb.
     0 | D:1      | Reached XP level 1. HP: 14/14 MP: 3/3
   457 | D:1      | Reached XP level 2. HP: 20/20 MP: 0/5
   865 | D:1      | Found a faded altar of an unknown god.
  1285 | D:2      | Reached skill level 5 in Conjurations
  1441 | D:2      | Reached XP level 3. HP: 26/26 MP: 4/6
  1516 | D:2      | Learned a level 2 spell: Searing Ray
  2061 | D:2      | HP: 1/26 [poisoned by an adder]
  2061 | D:2      | Slain by an adder

Illustrated notes

Levels and vault maps discovered:
D:1:      ebering_trefoil_3fold, layout_rooms,
          hellmonk_ecumenical_altar_heavens_door, minmay_tetromino_s4
D:2:      layout_rooms, basic_altar

Skill      XL: |  1  2 |
---------------+-------+-----
Conjurations   | 5 |  5.4
Dodging        | |  1.7
Stealth        | |  1.7
Spellcasting   | |  2.0

Action                   || total
-------------------------++-------
Melee: Dagger            ||    33
       Tailslap          ||     4
       Punch             ||     1
 Cast: Magic Dart        ||    58
  Use: Potion            ||     1
 Stab: Sleeping          ||     1
Armor: Skin              ||     8
Dodge: Dodged            ||    27
